[ AOE2 MATCH · #493741201 ]
UnrankedSpanish vs Chinese
Player's team · LOSS
[ REPLAY ANALYSIS · EXTRACTED FROM THE RECORDED GAME ]
Feudal
10:06
Castle
14:29
Imperial
30:44
| APM avg | 32.7 |
| APM peak | 65 |
| eAPM avg | 20.9 |
| Villagers / military | 102 / 89 |
Focus
⚔️ 39.1% · 🌾 60.9%
Skirmisher ×56 · Knight ×24 · Conquistador ×4 · Trebuchet (Packed) ×2 · Monk ×1 · Petard ×1
Feudal
11:20
Castle
14:55
Imperial
27:41
| APM avg | 25.8 |
| APM peak | 48 |
| eAPM avg | 16.2 |
| Villagers / military | 125 / 82 |
Focus
⚔️ 36.7% · 🌾 63.3%
Chu Ko Nu ×76 · Trebuchet (Packed) ×4 · Iron Pagoda ×2
Match map
Initial resources + every placement click. Lines = walls · curves = elevation contours. ◆ gold · ⬟ stone · ● berries · ✦ relic · ◌ wall gap
Your base· ✓ Closed at 14:29 · 5t walls · 4 gate(s)
Trollexander_the_Great's base· ✓ Closed at 14:55 · 0t walls · 2 gate(s)
Smoothed initial terrain · ◌ = detected wall gap · hover for details
Inputs per minute
— TQLeo - - Trollexander_the_Great
Build order — TQLeo
First 150 of 302 actions detected
| 0:00 | Create | Villager (Male) |
| 0:01 | Create | Villager (Male) |
| 0:01 | Create | Villager (Male) |
| 0:01 | Create | Villager (Male) |
| 0:03 | Build | House |
| 0:04 | Build | House |
| 1:19 | Create | Villager (Male) |
| 1:29 | Build | House |
| 1:50 | Create | Villager (Male) |
| 2:12 | Build | Lumber Camp |
| 2:26 | Create | Villager (Male) |
| 2:27 | Create | Villager (Male) |
| 3:03 | Build | House |
| 3:13 | Create | Villager (Male) |
| 3:13 | Create | Villager (Male) |
| 3:34 | Create | Villager (Male) |
| 3:36 | Create | Villager (Male) |
| 4:06 | Create | Villager (Male) |
| 4:07 | Create | Villager (Male) |
| 4:15 | Create | Villager (Male) |
| 4:16 | Create | Villager (Male) |
| 4:44 | Build | Mill |
| 5:22 | Create | Villager (Male) |
| 5:22 | Create | Villager (Male) |
| 5:22 | Create | Villager (Male) |
| 5:22 | Create | Villager (Male) |
| 5:48 | Build | House |
| 5:50 | Build | House |
| 6:01 | Create | Villager (Male) |
| 6:01 | Create | Villager (Male) |
| 6:02 | Create | Villager (Male) |
| 6:58 | Build | Palisade Gate |
| 7:10 | Build | Palisade Wall |
| 7:15 | Build | Palisade Wall |
| 7:26 | Build | Mining Camp |
| 7:55 | Research | Feudal Age |
| 9:30 | Create | Villager (Male) |
| 9:30 | Create | Villager (Male) |
| 9:30 | Create | Villager (Male) |
| 10:06 | Age | Feudal Age |
| 10:08 | Build | Market |
| 10:13 | Build | Blacksmith |
| 11:02 | Build | Mining Camp |
| 11:11 | Create | Villager (Male) |
| 11:49 | Research | Castle Age |
| 12:33 | Research | Double-Bit Axe |
| 13:09 | Build | House |
| 13:33 | Create | Villager (Male) |
| 13:52 | Build | Farm |
| 14:01 | Create | Villager (Male) |
| 14:04 | Create | Villager (Male) |
| 14:29 | Age | Castle Age |
| 14:35 | Create | Villager (Male) |
| 15:04 | Build | Castle |
| 15:11 | Build | Palisade Gate |
| 15:16 | Build | Palisade Wall |
| 15:17 | Build | Palisade Wall |
| 15:25 | Build | Farm |
| 15:27 | Build | Farm |
| 15:28 | Build | Farm |
| 15:32 | Build | Farm |
| 15:33 | Build | Farm |
| 15:34 | Build | Farm |
| 15:52 | Build | Mining Camp |
| 16:07 | Research | Horse Collar |
| 16:08 | Create | Villager (Male) |
| 16:34 | Create | Villager (Male) |
| 16:38 | Create | Conquistador |
| 16:52 | Create | Conquistador |
| 16:53 | Create | Villager (Male) |
| 17:11 | Build | Farm |
| 17:18 | Create | Conquistador |
| 17:22 | Create | Villager (Male) |
| 17:32 | Build | Farm |
| 18:00 | Build | Farm |
| 18:05 | Create | Conquistador |
| 18:15 | Create | Villager (Male) |
| 18:15 | Create | Villager (Male) |
| 18:15 | Create | Villager (Male) |
| 18:30 | Build | Outpost |
| 18:31 | Build | Outpost |
| 18:34 | Build | Outpost |
| 18:35 | Build | Outpost |
| 18:54 | Create | Villager (Male) |
| 18:54 | Create | Villager (Male) |
| 19:08 | Create | Petard |
| 19:16 | Create | Villager (Male) |
| 19:17 | Create | Villager (Male) |
| 19:17 | Create | Villager (Male) |
| 19:36 | Build | Town Center |
| 19:56 | Research | Town Watch |
| 20:03 | Create | Villager (Male) |
| 20:03 | Create | Villager (Male) |
| 20:03 | Create | Villager (Male) |
| 20:49 | Create | Villager (Male) |
| 20:49 | Create | Villager (Male) |
| 20:50 | Create | Villager (Male) |
| 20:56 | Build | Monastery |
| 21:28 | Create | Monk |
| 21:29 | Research | Fervor |
| 21:50 | Research | Wheelbarrow |
| 21:56 | Create | Villager (Male) |
| 22:01 | Build | Town Center |
| 22:11 | Build | Farm |
| 22:14 | Create | Villager (Male) |
| 22:18 | Build | Farm |
| 23:05 | Create | Missionary |
| 23:10 | Create | Villager (Male) |
| 23:10 | Create | Villager (Male) |
| 23:10 | Create | Villager (Male) |
| 23:13 | Create | Villager (Male) |
| 23:14 | Create | Villager (Male) |
| 23:19 | Build | Farm |
| 23:19 | Build | Farm |
| 23:21 | Build | Farm |
| 23:21 | Build | Farm |
| 23:28 | Build | Farm |
| 23:30 | Build | Farm |
| 23:47 | Create | Villager (Male) |
| 23:48 | Create | Villager (Male) |
| 23:48 | Create | Villager (Male) |
| 23:48 | Create | Villager (Male) |
| 23:53 | Research | Loom |
| 23:53 | Research | Loom |
| 24:00 | Build | Lumber Camp |
| 24:05 | Create | Villager (Male) |
| 24:09 | Build | Farm |
| 24:12 | Build | Farm |
| 24:14 | Build | Farm |
| 24:16 | Build | Farm |
| 24:24 | Research | Bow Saw |
| 24:24 | Research | Bow Saw |
| 24:46 | Create | Villager (Male) |
| 24:47 | Create | Villager (Male) |
| 24:47 | Create | Villager (Male) |
| 25:08 | Build | Castle |
| 25:11 | Build | Mining Camp |
| 25:23 | Research | Hand Cart |
| 25:24 | Research | Hand Cart |
| 25:31 | Create | Villager (Male) |
| 25:37 | Create | Villager (Male) |
| 25:38 | Create | Villager (Male) |
| 25:38 | Create | Villager (Male) |
| 25:43 | Build | Farm |
| 25:43 | Build | Farm |
| 25:49 | Build | Farm |
| 25:50 | Build | Farm |
| 26:07 | Build | Mill |
| 26:19 | Create | Villager (Male) |
| 26:19 | Create | Villager (Male) |
Build order — Trollexander_the_Great
First 150 of 323 actions detected
| 0:09 | Research | Loom |
| 0:47 | Create | Villager (Male) |
| 1:14 | Create | Villager (Male) |
| 1:33 | Create | Villager (Male) |
| 1:48 | Build | Lumber Camp |
| 1:59 | Create | Villager (Male) |
| 2:14 | Create | Villager (Male) |
| 2:39 | Create | Villager (Male) |
| 3:09 | Create | Villager (Male) |
| 3:23 | Build | House |
| 3:24 | Build | House |
| 3:29 | Create | Villager (Male) |
| 4:07 | Create | Villager (Male) |
| 4:07 | Create | Villager (Male) |
| 4:14 | Create | Villager (Male) |
| 4:20 | Build | House |
| 4:37 | Create | Villager (Male) |
| 4:39 | Build | Mill |
| 4:59 | Create | Villager (Male) |
| 5:12 | Create | Villager (Male) |
| 5:16 | Create | Villager (Male) |
| 5:22 | Create | Villager (Male) |
| 5:35 | Build | Lumber Camp |
| 5:40 | Create | Villager (Male) |
| 5:54 | Create | Villager (Male) |
| 6:31 | Create | Villager (Male) |
| 6:41 | Create | Villager (Male) |
| 7:11 | Build | Farm |
| 7:13 | Build | Farm |
| 7:21 | Create | Villager (Male) |
| 7:35 | Build | Mining Camp |
| 8:33 | Create | Villager (Male) |
| 9:00 | Build | House |
| 9:04 | Research | Feudal Age |
| 9:15 | Create | Villager (Male) |
| 9:25 | Build | Farm |
| 9:34 | Build | Farm |
| 10:21 | Create | Villager (Male) |
| 10:54 | Create | Villager (Male) |
| 11:08 | Build | House |
| 11:20 | Age | Feudal Age |
| 11:22 | Build | Market |
| 11:26 | Build | Blacksmith |
| 11:49 | Build | Mining Camp |
| 12:02 | Research | Double-Bit Axe |
| 12:15 | Research | Castle Age |
| 12:31 | Research | Horse Collar |
| 13:05 | Create | Villager (Male) |
| 13:10 | Create | Villager (Male) |
| 14:48 | Create | Villager (Male) |
| 14:55 | Age | Castle Age |
| 14:58 | Build | Town Center |
| 15:02 | Research | Bow Saw |
| 15:04 | Research | Heavy Plow |
| 15:17 | Create | Villager (Male) |
| 15:34 | Create | Villager (Male) |
| 15:35 | Create | Villager (Male) |
| 15:58 | Build | Farm |
| 15:58 | Build | Farm |
| 15:59 | Build | Farm |
| 15:59 | Build | Farm |
| 15:59 | Build | Farm |
| 16:11 | Create | Villager (Male) |
| 16:13 | Create | Villager (Male) |
| 16:19 | Create | Villager (Male) |
| 16:27 | Build | Farm |
| 16:30 | Build | Farm |
| 16:45 | Build | Castle |
| 16:53 | Build | House |
| 16:55 | Build | House |
| 16:56 | Create | Villager (Male) |
| 16:58 | Create | Villager (Male) |
| 17:09 | Build | Farm |
| 17:12 | Build | Farm |
| 17:13 | Create | Villager (Male) |
| 17:22 | Build | House |
| 17:25 | Create | Villager (Male) |
| 17:49 | Build | Siege Workshop |
| 17:51 | Create | Villager (Male) |
| 18:01 | Create | Villager (Male) |
| 18:02 | Create | Villager (Male) |
| 18:29 | Create | Villager (Male) |
| 18:33 | Create | Chu Ko Nu |
| 18:33 | Create | Chu Ko Nu |
| 18:37 | Build | Farm |
| 18:38 | Build | Farm |
| 18:47 | Create | Villager (Male) |
| 18:47 | Create | Villager (Male) |
| 18:54 | Create | Chu Ko Nu |
| 18:55 | Create | Chu Ko Nu |
| 18:56 | Create | Villager (Male) |
| 19:01 | Create | Iron Pagoda |
| 19:07 | Create | Villager (Male) |
| 19:12 | Build | Farm |
| 19:16 | Build | Farm |
| 19:22 | Create | Villager (Male) |
| 19:28 | Build | Farm |
| 19:37 | Create | Villager (Male) |
| 19:39 | Create | Villager (Male) |
| 19:42 | Build | Farm |
| 19:45 | Build | Farm |
| 19:48 | Build | Farm |
| 19:52 | Build | Farm |
| 19:53 | Build | Farm |
| 19:54 | Create | Villager (Male) |
| 19:59 | Create | Villager (Male) |
| 20:06 | Create | Villager (Male) |
| 20:08 | Create | Chu Ko Nu |
| 20:08 | Create | Chu Ko Nu |
| 20:24 | Research | Fletching |
| 20:25 | Create | Villager (Male) |
| 20:28 | Create | Chu Ko Nu |
| 20:35 | Build | Farm |
| 20:43 | Build | Farm |
| 20:44 | Create | Villager (Male) |
| 20:46 | Create | Chu Ko Nu |
| 20:46 | Create | Chu Ko Nu |
| 20:59 | Create | Villager (Male) |
| 21:01 | Create | Villager (Male) |
| 21:02 | Create | Chu Ko Nu |
| 21:04 | Create | Villager (Male) |
| 21:08 | Build | Farm |
| 21:10 | Build | Farm |
| 21:21 | Create | Villager (Male) |
| 21:28 | Create | Chu Ko Nu |
| 21:30 | Create | Villager (Male) |
| 21:33 | Research | Gold Mining |
| 21:38 | Build | Farm |
| 21:42 | Research | Wheelbarrow |
| 21:46 | Create | Chu Ko Nu |
| 21:46 | Create | Chu Ko Nu |
| 21:52 | Build | Farm |
| 21:55 | Build | Farm |
| 21:59 | Create | Villager (Male) |
| 22:01 | Create | Villager (Male) |
| 22:06 | Build | Mining Camp |
| 22:13 | Create | Villager (Male) |
| 22:20 | Create | Villager (Male) |
| 22:26 | Build | Farm |
| 22:35 | Create | Villager (Male) |
| 22:40 | Build | Farm |
| 22:42 | Create | Villager (Male) |
| 22:53 | Create | Chu Ko Nu |
| 22:53 | Create | Chu Ko Nu |
| 22:54 | Create | Chu Ko Nu |
| 23:00 | Create | Villager (Male) |
| 23:14 | Build | Farm |
| 23:32 | Build | Farm |
| 23:41 | Create | Villager (Male) |
| 23:41 | Create | Villager (Male) |
Match timeline
| 7:10 | TQLeo · wall_segment Palisade Wall x3 |
| 7:15 | TQLeo · wall_segment Palisade Wall x2 |
| 10:06 | TQLeo · age_up feudal |
| 11:20 | Trollexander_the_Great · age_up feudal |
| 11:37 | TQLeo · first_market_sell 100 wood |
| 11:38 | TQLeo · first_market_buy 100 food |
| 14:29 | TQLeo · age_up castle |
| 14:55 | Trollexander_the_Great · age_up castle |
| 15:04 | TQLeo · first_building Castle |
| 15:16 | TQLeo · wall_segment Palisade Wall x1 |
| 15:17 | TQLeo · wall_segment Palisade Wall x1 |
| 16:45 | Trollexander_the_Great · first_building Castle |
| 17:49 | Trollexander_the_Great · first_building Siege Workshop |
| 20:56 | TQLeo · first_building Monastery |
| 24:22 | Trollexander_the_Great · first_market_sell 100 wood |
| 27:41 | Trollexander_the_Great · age_up imperial |
| 27:48 | TQLeo · first_building Barracks |
| 28:51 | TQLeo · first_building Archery Range |
| 28:54 | Trollexander_the_Great · first_building Barracks |
| 30:44 | TQLeo · age_up imperial |
| 31:42 | Trollexander_the_Great · first_building Archery Range |
| 33:49 | TQLeo · first_building Stable |
| 37:41 | TQLeo · first_building Siege Workshop |
| 37:55 | TQLeo · resign |
[ AI ANALYSIS · 1 CREDIT ]
What really happened in this match?
Wolo.gg analyzes every decision: build order, eco, micro, common mistakes by bracket. Personalized analysis on WhatsApp or Discord in 30 seconds.
Civ guide
Spanish
Perfil
TQLeo